 Dungeon Crawl Stone Soup version 0.32-a0-986-ga09f62fbf4 (webtiles) character file.

Game seed: 7969663500386403938

21355 Rem the Bludgeoner (level 12, 0/137 HPs)
             Began as an Oni Gladiator on Apr 21, 2024.
             Was an Elder of the Shining One.
             Slain by a freezing wraith (14 damage)
             ... summoned by a worldbinder
             ... on level 3 of the Abyss.
             The game lasted 00:40:30 (10509 turns).

Rem the Bludgeoner (Oni Gladiator)                 Turns: 10509, Time: 00:40:30

Health: 0/137      AC: 11    Str: 23    XL:     12   Next: 89%
Magic:  12/16      EV: 15    Int: 11    God:    the Shining One [****..]
Gold:   779        SH:  0    Dex: 10    Spells: 11/11 levels left

rFire   + . .        b - +0 giant spiked club
rCold   . . .        (shield currently unavailable)
rNeg    + + .        W - +1 robe {rF+}
rPois   .            c - +0 hat
rElec   .            H - +2 cloak {rCorr}
rCorr   +            (gloves unavailable)
SInv    .            (boots unavailable)
Will    +....        G - amulet of regeneration
Stlth   +            q - +5 ring of evasion
HPRegen 1.22/turn    U - +4 ring of protection
MPRegen 0.15/turn

%: no passive effects
@: glowing
A: large, unfitting armour, horns 1, tough skin 1, double potion healing,
drunken brawling
a: Renounce Religion, Divine Shield, Cleansing Flame


You were on level 3 of the Abyss.
You worshipped the Shining One.
The Shining One was greatly pleased with you.
You visited 3 branches of the dungeon, and saw 12 of its levels.
You visited the Abyss 1 time.
You also visited: Volcano.

You collected 779 gold pieces.

Inventory:

Hand Weapons
 a - a +3 mace
 b - a +0 giant spiked club (weapon)
 y - a +0 flail
Missiles
 d - 6 throwing nets
 e - 5 large rocks
 h - 108 stones
 m - 9 poisoned darts (quivered)
 E - 5 javelins
 K - 9 boomerangs
 M - a curare-tipped dart
Armour
 c - a +0 hat (worn)
 H - a +2 cloak of preservation (worn)
 R - +0 steam dragon scales
 S - a +2 robe of willpower
 W - a +1 robe of fire resistance (worn)
Jewellery
 q - a +5 ring of evasion (left hand)
 F - a +6 ring of intelligence
 G - an amulet of regeneration (around neck)
 O - a ring of ice
 U - a +4 ring of protection (right hand)
Wands
 u - a wand of warping (7)
 x - a wand of quicksilver (7)
 A - a wand of charming (7)
Scrolls
 g - a scroll of fog {unknown}
 i - 5 scrolls of poison {unknown}
 k - 2 scrolls of enchant weapon {unknown}
 p - 4 scrolls of enchant armour {unknown}
 r - a scroll of fear {unknown}
 s - a scroll of torment {unknown}
 t - 9 scrolls of identify {unknown}
 v - 6 scrolls of teleportation {unknown}
 B - 3 scrolls of revelation {unknown}
 C - a scroll of butterflies {unknown}
 D - 3 scrolls of noise {unknown}
 N - a scroll of vulnerability {unknown}
 T - a scroll of silence {unknown}
 V - a scroll of blinking {unknown}
Potions
 f - a potion of curing
 j - 3 potions of enlightenment {unknown}
 l - 4 potions of mutation {unknown}
 n - 2 potions of attraction {unknown}
 o - 3 potions of lignification {unknown}
 w - 3 potions of degeneration {unknown}
 z - a potion of cancellation {unknown}
 I - 2 potions of invisibility {unknown}
 J - 4 potions of brilliance {unknown}
 L - 2 potions of ambrosia {unknown}
 P - 3 potions of heal wounds {unknown}
 Q - a potion of haste {unknown}


   Skills:
 + Level 13.7 Fighting
 - Level 16.0 Maces & Flails
 - Level 4.0 Throwing
 - Level 7.0 Dodging
 - Level 6.0 Invocations


You had 11 spell levels left.
You didn't know any spells.
Your spell library contained the following spells:

 Spells                   Type           Power      Damage    Failure   Level
 Apportation              Tloc           0%         N/A       34%         1
 Necrotise                Necr           0%         1d4       34%         1
 Slow                     Hex            0%         N/A       34%         1
 Sting                    Conj/Alch      0%         1d3       34%         1
 Summon Small Mammal      Summ           0%         N/A       34%         1
 Ensorcelled Hibernation  Hex/Ice        0%         N/A       47%         2
 Jinxbite                 Hex            0%         N/A       47%         2
 Mercury Vapours          Alch/Air       0%         N/A       47%         2
 Call Canine Familiar     Summ           0%         N/A       71%         3
 Confusing Touch          Hex            0%         N/A       71%         3
 Passwall                 Erth           0%         N/A       71%         3
 Swiftness                Air            0%         N/A       71%         3
 Vampiric Draining        Necr           0%         2d6       71%         3
 Leda's Liquefaction      Alch/Erth      0%         N/A       98%         4
 Olgreb's Toxic Radiance  Alch           0%         N/A       98%         4
 Summon Blazeheart Golem  Fire/Summ      0%         N/A       98%         4
 Alistair's Intoxication  Alch           0%         N/A       100%        5
 Lee's Rapid Deconstruct  Erth           0%         3d4*      100%        5
 Permafrost Eruption      Ice/Erth       0%         2x4d1     100%        6


Dungeon Overview and Level Annotations

Branches:
Dungeon (10/15)            Temple (1/1) D:6            Lair (1/5) D:9
    Orc (0/2) D:9         Volcano (visited)

Altars:
Ashenzari
Cheibriados
Dithmenos
Elyvilon
Fedhas
Gozag
Hepliaklqana
Kikubaaqudgha
Makhleb
Nemelex Xobeh
Okawaru
Qazlal
Ru
Sif Muna
Trog
Uskayaw
Vehumet
Wu Jian
Xom
Yredelemnul
Zin
The Shining One

Shops:
D:1 (


Innate Abilities, Weirdness & Mutations

You are too large for most types of armour.
You have a pair of small horns on your head.
You have tough skin. (AC +1)
You gain doubled healing and magic from potions.
Whenever you drink a healing potion, you attack all around you.


Message History

* * * LOW HITPOINT WARNING * * *
The wolf spider closely misses you.
You skewer the wolf spider like a kebab!!!
You kill the wolf spider!
The wolf spider's corpse disappears in a puff of smoke!
The wolf spider disappears in a puff of smoke!
The worldbinder calls forth creatures from the Spider Nest!
Unknown command.
You skewer the tormentor like a kebab!!!
You kill the tormentor!
The Shining One accepts your kill.
Unknown command.
You bludgeon the brain worm!!
You kill the brain worm!
The Shining One accepts your kill.
You feel better.
A freezing mist starts to gather...
Unknown command.
You impale the brain worm simulacrum!!
The brain worm simulacrum vaporises!
The tormentor calls on the powers of darkness!
Your body is wracked with pain!
* * * LOW HITPOINT WARNING * * *
The tarantella convulses!
The worldbinder calls forth creatures from the Crypt!
You thump the freezing wraith!
The freezing wraith is moderately damaged.
The freezing wraith closely misses you.
The freezing wraith hits you but does no damage.
Unknown command.
You hit the bone dragon but do no damage.
You headbutt the bone dragon, but do no damage.
The bone dragon is engulfed in freezing vapours.
The bone dragon completely misses you.
The bone dragon claws you but does no damage.
The bone dragon tramples you.
* * * LOW HITPOINT WARNING * * *
You hold your ground!
The freezing wraith hits you.
* * * LOW HITPOINT WARNING * * *
The freezing wraith freezes you!
You die...

..... ......
..... ..... . φ
...⌠..... ####..
...p.......#....
.....Ws w
#...... .. #.
..Dxx...# .#X
.... #.Z2
.#>.... .. .
#####x⌠#....
.... #@Ds.z.....
..... #.W2###..
. .... ####.#
#...... ... #.
...... .
##.##.#.... >..
# .# .... .# #.#
. .. . .# ..#.
... ... #. ..#
#.###


You could see a bone dragon, a skeletal warrior (summoned), a freezing wraith
(summoned), a worldbinder, a tormentor and a tarantella (summoned).

Vanquished Creatures
  An entropy weaver (shapeshifter) (Abyss:3)
  A dancing weapon (Volcano)
  2 two-headed ogres (D:10)
  A thrashing horror (Abyss:3)
  An occultist (Volcano)
  Nergalle (D:10)
  2 deep elf pyromancers (D:9)
  An orc sorcerer (Volcano)
  5 toenail golems (Volcano)
  3 black mambas (Lair:1)
  3 cane toads (Lair:1)
  Jeremiah (D:7)
  2 kobold demonologists (D:10)
  A tormentor (Abyss:3)
  3 komodo dragons (Lair:1)
  2 rime drakes (Lair:1)
  Grinder (D:4)
  A troll (D:10)
  A wraith (D:10)
  2 shadows
  2 vampires (D:9)
  Eustachio (D:4)
  12 yaks
  3 fire bats (Lair:1)
  A basilisk (Lair:1)
  A steam dragon (D:9)
  5 humans (Volcano)
  3 vampire mosquitoes
  5 water moccasins
  7 orc warriors
  A black bear (D:5)
  6 wolves
  2 ogres
  3 centaurs
  A kobold brigand (D:10)
  A phantom (D:6)
  Blork the orc (D:4)
  A brain worm (Abyss:3)
  7 bullfrogs
  2 gnoll sergeants
  6 scorpions
  18 wights
  An electric eel (D:6)
  7 howler monkeys
  3 bombardier beetles
  9 hounds
  Crazy Yiuf (D:6)
  3 gnoll boudas
  4 orc priests
  A jelly (D:5)
  A sleepcap (D:4)
  3 iguanas
  Natasha (thrice) (D:2)
  8 orc wizards
  26 gnolls
  11 adders
  2 white imps
  4 ufetubi
  A dart slug (D:1)
  3 ribbon worms
  29 orcs
  4 endoplasms
  4 giant cockroaches
  8 goblins
  5 hobgoblins
  12 jackals
  6 quokkas
  6 ball pythons
  2 bats
  A frilled lizard (D:2)
  11 kobolds
  5 rats
308 creatures vanquished.

Notes
Turn   | Place    | Note
-------+----------+-------------------------------------------
     0 | D:1      | Rem the Oni Gladiator began the quest for the Orb.
     0 | D:1      | Reached XP level 1. HP: 22/22 MP: 1/1
   150 | D:1      | Reached XP level 2. HP: 29/31 MP: 2/2
   197 | D:1      | Found Ischeass's Weapon Shop.
   530 | D:2      | Reached XP level 3. HP: 19/37 MP: 3/3
   849 | D:2      | Noticed Natasha
   856 | D:2      | Killed Natasha
  1000 | D:2      | Reached XP level 4. HP: 47/48 MP: 4/4
  1277 | D:2      | Noticed Natasha
  1289 | D:2      | Killed Natasha
  1703 | D:2      | Noticed Natasha
  1718 | D:2      | Killed Natasha
  1719 | D:2      | Reached skill level 4 in Maces & Flails
  1719 | D:2      | Reached XP level 5. HP: 50/55 MP: 5/5
  2089 | D:3      | Reached XP level 6. HP: 57/65 MP: 6/6
  2106 | D:3      | Reached skill level 5 in Fighting
  2420 | D:3      | Found a faded altar of an unknown god.
  2658 | D:4      | Reached skill level 5 in Maces & Flails
  2718 | D:4      | Identified the +8 morningstar of the Thoughtful Suns
                  | {drain, Dex+4}
  2723 | D:4      | Noticed Eustachio
  2739 | D:4      | Killed Eustachio
  2740 | D:4      | Reached XP level 7. HP: 40/74 MP: 7/7
  2922 | D:4      | Reached skill level 6 in Maces & Flails
  2978 | D:4      | Noticed Grinder
  3003 | D:4      | Noticed Blork the orc
  3007 | D:4      | Killed Grinder
  3008 | D:4      | Reached skill level 7 in Maces & Flails
  3015 | D:4      | Killed Blork the orc
  3016 | D:4      | Reached XP level 8. HP: 34/83 MP: 8/8
  3314 | D:4      | Reached skill level 8 in Maces & Flails
  3562 | D:5      | Entered Level 5 of the Dungeon
  3859 | D:5      | Reached skill level 5 in Dodging
  4022 | D:5      | Reached skill level 9 in Maces & Flails
  4693 | D:6      | Reached XP level 9. HP: 89/89 MP: 9/9
  4828 | D:6      | Found a runed translucent door.
  4829 | D:6      | Noticed Crazy Yiuf
  4839 | D:6      | Killed Crazy Yiuf
  4893 | D:6      | Found a shadowy altar of Dithmenos.
  4998 | D:6      | Found a staircase to the Ecumenical Temple.
  5006 | Temple   | Entered the Ecumenical Temple
  5043 | Temple   | Became a worshipper of the Shining One
  5195 | D:6      | Reached skill level 10 in Maces & Flails
  5220 | D:6      | Found a radiant altar of Vehumet.
  5220 | D:6      | Found an ancient bone altar of Kikubaaqudgha.
  5892 | D:7      | Noticed Jeremiah
  6204 | D:7      | HP: 2/79 [wight/+0 flail (8)]
  6415 | D:7      | Reached skill level 11 in Maces & Flails
  6425 | D:7      | Reached * piety under the Shining One
  6920 | D:7      | Killed Jeremiah
  7056 | D:8      | Reached XP level 10. HP: 88/98 MP: 10/10
  7192 | D:7      | Reached skill level 12 in Maces & Flails
  7693 | D:8      | Found a shimmering altar of Xom.
  7775 | D:9      | Reached ** piety under the Shining One
  8203 | D:9      | Noticed a deep elf pyromancer
  8210 | D:9      | Killed a deep elf pyromancer
  8246 | D:9      | Noticed a deep elf pyromancer
  8256 | D:9      | Killed a deep elf pyromancer
  8257 | D:9      | Reached skill level 13 in Maces & Flails
  8327 | D:9      | Reached XP level 11. HP: 101/111 MP: 11/11
  8362 | D:9      | Found a staircase to the Orcish Mines.
  8443 | D:9      | Reached skill level 14 in Maces & Flails
  8498 | D:9      | Found a staircase to the Lair.
  8673 | D:10     | Entered Level 10 of the Dungeon
  8813 | D:10     | Noticed Nergalle
  8821 | D:10     | Killed Nergalle
  8945 | D:10     | Reached *** piety under the Shining One
  8954 | D:10     | Reached skill level 1 in Invocations
  9046 | D:10     | Noticed a two-headed ogre
  9058 | D:10     | Killed a two-headed ogre
  9296 | D:10     | Noticed a two-headed ogre
  9306 | D:10     | Killed a two-headed ogre
  9308 | D:10     | HP: 3/117 [gnoll sergeant/+5 trident of flaming (3)]
  9313 | D:10     | HP: 4/117 [gnoll/+0 halberd[a gnoll sergeant] (5)]
  9331 | D:10     | HP: 5/117 [gnoll/+0 halberd[a gnoll sergeant] (6)]
  9334 | D:10     | HP: 1/117 [gnoll sergeant/+5 trident of flaming (3)]
  9453 | D:10     | Reached skill level 10 in Fighting
  9693 | Lair:1   | Entered Level 1 of the Lair of Beasts
  9802 | Lair:1   | Reached skill level 5 in Invocations
  9823 | Lair:1   | Reached skill level 15 in Maces & Flails
  9851 | Lair:1   | Reached XP level 12. HP: 125/126 MP: 16/16
 10038 | Lair:1   | Noticed a seven-headed hydra
 10217 | Lair:1   | Reached skill level 16 in Maces & Flails
 10226 | Lair:1   | Found a dark tunnel.
 10236 | Volcano  | Entered a volcano
 10345 | Volcano  | Noticed an occultist
 10353 | Volcano  | Killed an occultist
 10417 | Volcano  | Found the necklace of Bloodlust {Fury *Rage Will++ Int-3
                  | Slay+6}
 10418 | Volcano  | Noticed an occultist
 10430 | Abyss:3  | Cast into level 3 of the Abyss (an occultist)
 10489 | Abyss:3  | Noticed a thrashing horror
 10489 | Abyss:3  | Noticed a thrashing horror
 10490 | Abyss:3  | Noticed an entropy weaver
 10492 | Abyss:3  | Reached **** piety under the Shining One
 10492 | Abyss:3  | Noticed a bone dragon
 10496 | Abyss:3  | Killed an entropy weaver
 10496 | Abyss:3  | Killed a thrashing horror
 10501 | Abyss:3  | The Shining One protects you from harm!
 10503 | Abyss:3  | HP: 6/136 [wolf spider[a worldbinder] (8)]
 10509 | Abyss:3  | Slain by a freezing wraith

Illustrated notes

Levels and vault maps discovered:
D:1:      wander_arrival_chamber, layout_basic, serial_shops, shop
D:2:      layout_loops_corners, serial_aquarium, aquarium_bridge_square
          [aquarium_subvault_wall, aquarium_subvault_bridge,
          aquarium_subvault_window, aquarium_subvault_window],
          aquarium_window_1, aquarium_window_corner, aquarium_view_2a,
          aquarium_view_2e, uniq_natasha
D:3:      wander_river, layout_loops_cross,
          hellmonk_ecumenical_altar_inner_sanctum, kennysheep_crisscross
D:4:      cheibrodos_barr_body, layout_basic, uniq_grinder, uniq_eustachio,
          uniq_blork_the_orc
D:5:      layout_basic
D:6:      layout_loops_cross, nicolae_overflow_squiral,
          mainiacjoe_overflow_24_doors, minmay_temple_entry_butterflies,
          kennysheep_generic_room_4, uniq_crazy_yiuf_cottage
D:7:      layout_layer_cave, uniq_jeremiah
D:8:      layout_rooms, lemuel_coloured_pillars_altar, minmay_bent
D:9:      layout_loops_ring, erik_lair_orcish_takeover, orc_david_3,
          serial_library, serial_library_hellmonk_small_alcove,
          serial_library_hellmonk_layered_room, serial_library_hellmonk_octagon,
          serial_library_hellmonk_big_corner,
          serial_library_hellmonk_angled_corner,
          serial_library_hellmonk_angled_corner,
          serial_library_hellmonk_open_cross
D:10:     layout_long_grid, uniq_nergalle
Temple:   dpeg_five_rooms_temple
Lair:1:   cheibrodos_lair_river_kwai, layout_gridlike,
          nicolae_volcano_entry_batcave, st_stairs_12, lemuel_fruit_tree
Abyss:3:  base: D:15, base: D:13, evilmike_abyss_exit_chaos, minivault_22,
          evilmike_nicolae_abyss_rune_containment_curve
Volcano:  volcano_bunker

Skill      XL: |  1  2  3  4  5  6  7  8  9 10 11 12 |
---------------+-------------------------------------+-----
Fighting       | 3 4 5 6 8 10 13 | 13.7
Dodging        | 3 4 5 6 7 |  7.0
Maces & Flails | 4 5 7 9 11 13 15 16 | 16.0
Throwing       | 4 |  4.0
Invocations    | 5 6 |  6.0

Action                     |  1- 3 |  4- 6 |  7- 9 | 10-12 || total
---------------------------+-------+-------+-------+-------++-------
  Melee: Flail             |    43 |    10 |   104 |       ||   157
         Headbutt          |     9 |    20 |    55 |    91 ||   175
         Mace              |    21 |   101 |    83 |    36 ||   241
         Morningstar       |       |    15 |   132 |       ||   147
         Giant spiked club |       |       |       |   336 ||   336
  Throw: Dart              |       |     2 |    13 |    10 ||    25
 Invoke: Divine Shield     |       |       |       |     2 ||     2
    Use: Potion            |       |       |       |     8 ||     8
   Stab: Sleeping          |       |       |     1 |       ||     1
 Armour: Robe              |    53 |   101 |   166 |   331 ||   651
         Steam dragon scal |       |       |       |    22 ||    22
  Dodge: Dodged            |    27 |   159 |   272 |   424 ||   882
  Block: Other             |       |       |       |     2 ||     2

Table legend: (Time is in decaauts)
 A = Elapsed time spent in this place.
 B = Non-inter-level travel time spent in this place.
 C = Inter-level travel time spent in this place.
 D = Time resting spent in this place.
 E = Time spent auto-exploring this place.
 F = Levels seen in this place.
 G = Mean time per level.
                   A        B        C        D        E       F      G
               +--------+--------+--------+--------+--------+-----+--------+
         Total |  10580 |   9851 |    729 |    770 |   6288 |  14 |  755.7 |
       Dungeon |   9691 |   9091 |    600 |    749 |   6288 |  10 |  969.1 |
        Temple |     72 |      2 |     70 |      0 |      0 |   1 |   72.0 |
          Lair |    545 |    486 |     59 |      0 |      0 |   1 |  545.0 |
         Abyss |     78 |     78 |      0 |     21 |      0 |   1 |   78.0 |
       Volcano |    193 |    193 |      0 |      0 |      0 |   1 |  193.0 |
               +--------+--------+--------+--------+--------+-----+--------+

Top non-repeatable levels by time:
     D:2: 1343 daAuts
     D:7: 1339 daAuts
     D:5: 1125 daAuts
     D:6: 1046 daAuts
     D:9: 1035 daAuts
     D:4: 953 daAuts
    D:10: 901 daAuts
     D:3: 818 daAuts
     D:8: 616 daAuts
  Lair:1: 545 daAuts
     D:1: 513 daAuts
 Volcano: 193 daAuts
 Abyss:3: 78 daAuts
  Temple: 72 daAuts
